 Dungeon Crawl Stone Soup version bcrawl-1.21.2-20-g6d45ba5942 (webtiles) character file.

Game seed: 2475667948378020909

34 MisterOstroum the Ducker (level 3, 0/35 HPs)
             Began as an Ogre Archaeologist on Feb 26, 2020.
             Slain by a worker ant (4 damage)
             ... on level 2 of the Dungeon.
             The game lasted 00:01:43 (1341 turns).

MisterOstroum the Ducker (Ogre Archaeologist)       Turns: 1341, Time: 00:01:44

Health: 0/35       AC:  5    Str: 16    XL:     3   Next: 31%
Magic:  3/3        EV: 10    Int: 20    God:
Gold:   99         SH:  4    Dex:  7    Spells: 2/2 levels left

rFire    . . .     SeeInvis .   a - +0 whip
rCold    . . .     Gourm    .   (no shield)
rNeg     . . .     Faith    .   b - +1 robe
rPois    .         Spirit   .   c - +1 hat
rElec    .         Reflect  +   (no cloak)
rCorr    .         Harm     .   (gloves unavailable)
MR       .....                  (boots unavailable)
Stlth    ++........             n - +4 amulet of reflection
HPRegen  0.11/turn              (no ring)
MPRegen  0.08/turn              (no ring)

@: brilliant, lethally poisoned (0 -> -15)
A: large, unfitting armour, tough skin 1
a: no special abilities


You were on level 2 of the Dungeon.
You were not hungry.

You visited 1 branch of the dungeon, and saw 2 of its levels.

You collected 99 gold pieces.

Inventory:

Hand Weapons
 a - a +0 whip (weapon)
 r - a +1 short sword of flaming
Missiles
 l - 223 arrows
 m - 413 sling bullets
Armour
 b - a +1 robe (worn)
 c - a +1 hat (worn)
 d - a +1 robe
Jewellery
 n - a +4 amulet of reflection (around neck)
Scrolls
 g - a scroll of magic mapping {@r5 !r}
 j - 2 scrolls of teleportation {unknown}
 k - a scroll of immolation {unknown}
 o - a scroll of enchant weapon {unknown}
 p - 2 scrolls of identify {unknown}
Potions
 q - a potion of curing {unknown}
Miscellaneous
 f - a dusty tome
Comestibles
 e - 3 rations {!d}


   Skills:
 + Level 2.0 Fighting
 * Level 2.9 Maces & Flails
 + Level 2.9 Dodging
 + Level 2.6 Stealth


You had 2 spell levels left.
You didn't know any spells.
Your spell library was empty.

Dungeon Overview and Level Annotations

Branches:
Dungeon (2/12)

Altars:
Dithmenos


Innate Abilities, Weirdness & Mutations

You are too large for most types of armour.
You have tough skin. (AC +1)


Message History

No target in view!
No target in view!
You butcher the rat corpse.
i - a chunk of flesh You see here a rat skeleton.
HP restored.
You see here a rat skeleton.
Eating a chunk of flesh.
You eat the chunk of flesh.
This raw flesh tastes terrible.
Found a spear.
e - 3 rations {!d} (gained 1)
You now have 99 gold pieces (gained 13).
m - 413 sling bullets (gained 238)
A worm comes into view.
Found a scroll labeled BOQEYPOEPN.
A worm is nearby!
A hobgoblin and a kobold come into view.
You see here a ration {!d}.
The helpless kobold fails to defend itself.
You hit the kobold.
The kobold is moderately wounded.
The kobold hits you.
You hit the kobold but do no damage.
The kobold is moderately wounded.
The hobgoblin shouts!
The kobold closely misses you.
You hit the kobold.
You kill the kobold!
A giant cockroach comes into view.
A worker ant comes into view.
The worker ant twitches its antennae in your direction.
The hobgoblin hits you but does no damage.
You closely miss the hobgoblin. You hit the hobgoblin.
The hobgoblin is moderately wounded.
The hobgoblin hits you with a +0 club.
You hit the hobgoblin.
You kill the hobgoblin!
You see here a ration {!d}.
You barely miss the worker ant.
The giant cockroach bites you but does no damage.
You block the worker ant's attack.
You hit the worker ant.
The worker ant is moderately wounded.
The giant cockroach bites you but does no damage.
The worker ant barely misses you.
The giant cockroach bites you but does no damage.
You hit the worker ant.
The worker ant is heavily wounded.
The worker ant bites you but does no damage.
You hit the worker ant.
The worker ant is severely wounded.
The worker ant bites you.
You are poisoned.
The worker ant poisons you!
You barely miss the worker ant.
The worker ant is severely wounded.
You feel sick. You block the worker ant's attack. The worker ant bites you.
You are more poisoned.
The worker ant poisons you!
You closely miss the worker ant.
The worker ant is severely wounded.
You feel sick. The worker ant bites you.
You are more poisoned.
The worker ant poisons you!
You are too injured to fight recklessly!
You are too injured to fight recklessly!
You are too injured to fight recklessly!
You are too injured to fight recklessly!
You are too injured to fight recklessly!
You are too injured to fight recklessly!
You are too injured to fight recklessly!
You are too injured to fight recklessly!
You are too injured to fight recklessly!
You are too injured to fight recklessly!
You are too injured to fight recklessly!
You are too injured to fight recklessly!
You closely miss the worker ant.
The worker ant is severely wounded.
You feel sick. The worker ant misses you.
You feel sick.
You feel sick.
You closely miss the worker ant.
The worker ant is severely wounded.
You feel sick. You block the worker ant's attack.
You hit the worker ant but do no damage.
The worker ant is severely wounded.
You feel sick. The worker ant bites you.
* * * LOW HITPOINT WARNING * * *
You are more poisoned.
The worker ant poisons you!
Okay, then.
* * * LOW HITPOINT WARNING * * *
You feel sick. The worker ant barely misses you.
* * * LOW HITPOINT WARNING * * *
You feel sick.
It was a potion of brilliance.
You feel clever all of a sudden.
* * * LOW HITPOINT WARNING * * *
You feel sick. The worker ant bites you.
You die...

#.######..# ...# ##.#
#.#####.# #.......###..
############........§...l
#........##.)#####.##.§..
#........÷..## #.§§ ...
#.........#########.§§ #
#........sa@.......§§.
#.......w##########..hb
#........###### ##...
#########.....##
##.%.....# #........?#
#.).).....# #..........
#.....$...#


You could see a worm, a worker ant and a giant cockroach.

Vanquished Creatures
  An ooze (D:1)
  2 dart slugs (D:1)
  A giant cockroach (D:1)
  8 hobgoblins
  3 bats (D:1)
  2 goblins (D:1)
  3 kobolds
  6 rats
  A plant (D:1)
27 creatures vanquished.

Notes
Turn   | Place    | Note
-------+----------+-------------------------------------------
     0 | D:1      | MisterOstroum the Ogre Archaeologist began the quest for
                  | the Orb.
     0 | D:1      | Reached XP level 1. HP: 19/19 MP: 1/1
   152 | D:1      | Reached XP level 2. HP: 17/27 MP: 2/2
   971 | D:1      | Reached XP level 3. HP: 34/35 MP: 3/3
  1292 | D:2      | Found a shadowy altar of Dithmenos.
  1341 | D:2      | Slain by a worker ant

Skill      XL: |  1  2  3 |
---------------+----------+-----
Maces & Flails | 2 |  2.9
Fighting       | 2 |  2.0
Dodging        | |  2.9
Stealth        | |  2.6

Action                   || total
-------------------------++-------
Melee: Whip              ||   178
  Use: Potion            ||     1
 Stab: Sleeping          ||     4
  Eat: Chunk             ||     2
Armor: Robe              ||    45
Dodge: Dodged            ||    41
Block: Other             ||     7
